 Dungeon Crawl Stone Soup version 0.27.1-4-g1640c2035a (webtiles) character file.

Game seed: 11830278471440017877

375636 bellerephron the Fencer (level 21, -3/208 HPs)
             Began as a Demonspawn Gladiator on Nov 5, 2021.
             Was the Champion of Okawaru.
             Slain by a spriggan berserker (28 damage)
             ... on level 2 of the Depths.
             The game lasted 03:14:37 (31674 turns).

bellerephron the Fencer (Demonspawn Gladiator)     Turns: 31674, Time: 03:14:38

Health: -3/208     AC: 32    Str: 25    XL:     21   Next: 79%
Magic:  16/26      EV: 16    Int: 14    God:    Okawaru [******]
Gold:   3363       SH:  0    Dex: 20    Spells: 20/20 levels left

rFire    + + .     SeeInvis .   b - +9 triple sword (elec)
rCold    + + +     Faith    .   (shield currently unavailable)
rNeg     . . .     Spirit   .   M - +2 plate armour {rC+}
rPois    +         Reflect  .   c - +0 helmet
rElec    +         Harm     .   n - +2 cloak
rCorr    .         Rampage  .   N - +2 pair of gloves of Magh {rElec rPois Int+4}
Will     +++..                  (boots unavailable)
Stlth    ..........             G - amulet of Balance {RegenMP Regen+}
HPRegen  5.44/turn              w - ring of Lust {rF++ Will+ Stlth+}
MPRegen  0.45/turn              f - ring of Xom's Entertainment {rPois rC+ Will+ Str+3 Dex+3}

@: lethally poisoned (-3 -> -4)
A: talons 3, icy blue scales 3, ignite blood 3, powered by death 3, robust 2
}: 2/15 runes: serpentine, barnacled
a: Renounce Religion, Heroism, Finesse


You were on level 2 of the Depths.
You worshipped Okawaru.
Okawaru was exalted by your worship.
You visited 8 branches of the dungeon, and saw 36 of its levels.
You also visited: Bailey.

You collected 6656 gold pieces.
You spent 3293 gold pieces at shops.

Inventory:

Hand Weapons
 b - a +9 triple sword of electrocution (weapon)
 m - the +4 long sword "Motul" {elec, rElec Will- Dex+8}
   (You found it on level 9 of the Dungeon)

   It occasionally discharges a powerful burst of electricity upon striking a
   foe.
   Dex:       It affects your dexterity (+8).
   rElec:     It insulates you from electricity.
   Will:      It decreases your willpower.
 W - a +0 antimagic scimitar
Missiles
 d - 61 boomerangs
 g - 11 silver boomerangs
 h - 27 poisoned darts
 q - 18 datura-tipped darts
 v - 3 boomerangs of dispersal
 E - 7 curare-tipped darts
 Q - 51 javelins (quivered)
 S - 2 throwing nets
Armour
 a - the +0 pair of fencer's gloves {Riposte Dex+3}
   (Okawaru gifted it to you on level 4 of the Shoals)

   It allows the wearer to riposte with any weapon, or to riposte more often
   with a long blade, swiftly retaliating against a missed attack.
   Dex:       It affects your dexterity (+3).
 c - a +0 helmet (worn)
 n - a +2 cloak (worn)
 x - the +0 tower shield of Falewkos {Int+2}
   (You bought it in a shop on level 2 of the Orcish Mines)

   Int:       It affects your intelligence (+2).
 M - a +2 plate armour of cold resistance (worn)
 N - the +2 pair of gloves of Magh (worn) {rElec rPois Int+4}
   (Okawaru gifted it to you on level 3 of the Snake Pit)

   Int:       It affects your intelligence (+4).
   rElec:     It insulates you from electricity.
   rPois:     It protects you from poison.
Jewellery
 f - the ring of Xom's Entertainment (right hand) {rPois rC+ Will+ Str+3 Dex+3}
   (You acquired it on level 13 of the Dungeon)

   [ring of willpower]

   Str:       It affects your strength (+3).
   Dex:       It affects your dexterity (+3).
   rC:        It protects you from cold.
   rPois:     It protects you from poison.
   Will:      It increases your willpower.
 s - the ring "Qorph" {rF+ EV+4 Str+2 Slay+3}
   (You bought it in a shop on level 2 of the Orcish Mines)

   [ring of evasion]

   EV:        It affects your evasion (+4).
   Str:       It affects your strength (+2).
   Slay:      It affects your accuracy & damage with ranged weapons and melee
   (+3).
   rF:        It protects you from fire.
 w - the ring of Lust (left hand) {rF++ Will+ Stlth+}
   (You found it in a bailey)

   [ring of willpower]

   rF:        It greatly protects you from fire.
   Will:      It increases your willpower.
   Stlth:     It makes you more stealthy.
 G - the amulet of Balance (around neck) {RegenMP Regen+}
   (You bought it in a shop on level 8 of the Dungeon)

   [amulet of magic regeneration]

   It increases your rate of magic regeneration.
   Regen:     It increases your rate of health regeneration.
 O - a ring of protection from cold
Wands
 o - a wand of acid (17)
 D - a wand of iceblast (33)
 I - a wand of charming (12)
 J - a wand of flame (49)
 L - a wand of mindburst (29)
 P - a wand of paralysis (12)
 Y - a wand of digging (6)
Scrolls
 e - 7 scrolls of fog
 j - 7 scrolls of fear
 p - 7 scrolls of teleportation
 r - 5 scrolls of enchant armour
 t - a scroll of brand weapon
 y - 3 scrolls of blinking
 z - 4 scrolls of identify
 A - 4 scrolls of vulnerability
 B - a scroll of summoning
 C - a scroll of immolation
 H - 5 scrolls of magic mapping
 R - a scroll of silence
 X - 2 scrolls of enchant weapon
Potions
 i - 12 potions of curing
 k - 5 potions of berserk rage
 l - a potion of ambrosia
 u - a potion of might
 K - 2 potions of heal wounds
 T - 3 potions of haste
 V - a potion of invisibility
Miscellaneous
 F - a lightning rod (4/4)
 U - a tin of tremorstones (1/2)
 Z - a condenser vane


   Skills:
 - Level 17.1 Fighting
 + Level 18.0 Long Blades
 * Level 4.9 Throwing
 + Level 15.9 Armour
 * Level 14.7 Dodging
 - Level 3.0 Stealth
 - Level 7.5 Invocations
 * Level 14.5 Evocations


You had 20 spell levels left.
You didn't know any spells.
Your spell library contained the following spells:

 Spells                   Type           Power      Damage    Failure   Level
 Pain                     Necr           0%         1d4       89%         1
 Shock                    Conj/Air       0%         1d3       89%         1
 Sting                    Tmut/Pois      0%         1d3       89%         1
 Passwall                 Tmut/Erth      0%         N/A       96%         2
 Slow                     Hex            0%         N/A       96%         2
 Static Discharge         Conj/Air       0%         N/A       96%         2
 Sublimation of Blood     Necr           0%         N/A       96%         2
 Confusing Touch          Hex            0%         N/A       99%         3
 Dazzling Flash           Conj/Hex       0%         N/A       99%         3
 Gell's Gravitas          Tloc           0%         N/A       99%         3
 Ignite Poison            Fire/Tmut/Pois 0%         N/A       99%         3
 Lesser Beckoning         Tloc           0%         N/A       99%         3
 Mephitic Cloud           Conj/Pois/Air  0%         N/A       99%         3
 Portal Projectile        Hex/Tloc       0%         N/A       99%         3
 Swiftness                Air            0%         N/A       99%         3
 Teleport Other           Tloc           0%         N/A       99%         3
 Vampiric Draining        Necr           0%         2d6       99%         3
 Airstrike                Air            0%         N/A       100%        4
 Animate Dead             Necr           0%         N/A       100%        4
 Dispel Undead            Necr           0%         3d6       100%        4
 Fulminant Prism          Conj/Hex       0%         3d6       100%        4
 Iskenderun's Mystic Bla  Conj/Tloc      0%         2d3       100%        4
 Leda's Liquefaction      Hex/Erth       0%         N/A       100%        4
 Olgreb's Toxic Radiance  Pois           0%         N/A       100%        4
 Petrify                  Tmut/Erth      0%         N/A       100%        4
 Sticky Flame             Conj/Fire      0%         2d3       100%        4
 Agony                    Necr           0%         N/A       100%        5
 Alistair's Intoxication  Tmut/Pois      0%         N/A       100%        5
 Blade Hands              Tmut           0%         N/A       100%        5
 Bolt of Magma            Conj/Fire/Erth 0%         4d4       100%        5
 Excruciating Wounds      Necr           0%         N/A       100%        5
 Fireball                 Conj/Fire      0%         3d3       100%        5
 Irradiate                Conj/Tmut      0%         3d13      100%        5
 Lee's Rapid Deconstruct  Erth           0%         3d5*      100%        5
 Metabolic Englaciation   Hex/Ice        0%         N/A       100%        5
 Summon Forest            Summ/Tloc      0%         N/A       100%        5
 Summon Mana Viper        Hex/Summ       0%         N/A       100%        5
 Dispersal                Tloc           0%         N/A       100%        6
 Eringya's Noxious Bog    Tmut/Pois      0%         N/A       100%        6
 Invisibility             Hex            0%         N/A       100%        6
 Shadow Creatures         Summ           N/A        N/A       100%        6
 Starburst                Conj/Fire      0%         6d3       100%        6
 Statue Form              Tmut/Erth      0%         N/A       100%        6
 Haunt                    Necr/Summ      0%         N/A       100%        7
 Summon Hydra             Summ           0%         N/A       100%        7
 Ignition                 Fire           0%         3d3       100%        8
 Infestation              Necr           0%         N/A       100%        8


Dungeon Overview and Level Annotations

Branches:
Dungeon (15/15)            Temple (1/1) D:4            Lair (6/6) D:8
 Shoals (4/4) Lair:4        Snake (4/4) Lair:4        Slime (0/5) Lair:5
    Orc (2/2) D:10            Elf (0/3) Orc:2        Vaults (2/5) D:13
 Depths (2/5) D:15         Bailey (visited)
  Crypt: Vaults:2-3

Altars:
Ashenzari
Cheibriados
Dithmenos
Elyvilon
Fedhas
Gozag
Hepliaklqana
Kikubaaqudgha
Makhleb
Nemelex Xobeh
Okawaru
Qazlal
Ru
Sif Muna
Trog
Uskayaw
Vehumet
Wu Jian
Xom
Yredelemnul
Zin
The Shining One
Jiyva

Shops:
D:1 [   D:3 *   D:7 *   D:8 =   Orc:2 [:[**   Snake:3 *

Portals:
Hell: Depths:1
Abyss: Orc:1 Depths:1
Ziggurat: Depths:1
Trove: Vaults:1 (give horn of Geryon)

Annotations:
D:4 3 runed translucent doors, FancyManDan's ghost, amateur DsAK; waplegopp's ghost, amateur TeBe
D:7 1 runed translucent door, styxcanada's ghost, novice MiFi
D:10 2 runed translucent doors
Lair:1 6 runed translucent doors
Lair:4 3 runed translucent doors, TheGamechu's ghost, journeyman TrFi
Shoals:3 3 runed translucent doors, Golfball's ghost, adept MiFi
Orc:1 2 transporters, karkarkar's ghost, journeyman DrCj
Orc:2 1 runed translucent door, mainiacjoe's ghost, journeyman MiFi


Innate Abilities, Weirdness & Mutations

You have claws for feet.
You are completely covered in icy blue scales. (AC +4, rC+)
Your demonic aura causes all spilled blood to erupt in flames.
You regenerate a lot of health from kills.
You are very robust. (+20% HP)


Message History

The death yak's corpse disappears in a puff of smoke!
You feel sick.
The ettin is engulfed in blazing flames.
The ettin hits you with a +0 dire flail!!
The ettin hits you with a +0 dire flail!
The spriggan berserker utters an invocation to Trog.
The spriggan berserker goes berserk!
Unknown command.
The tremorstone explodes into fragments!
The burst of rock shards engulfs the ettin!
The burst of rock shards engulfs the spriggan berserker!
The burst of rock shards engulfs the ettin but does no damage.
The burst of rock shards engulfs the spriggan berserker!!
The burst of rock shards engulfs you but does no damage.
The burst of rock shards engulfs the ettin.
The burst of rock shards engulfs the spriggan berserker!!
You feel sick.
You hear a deafening roar!
You hear a roar!
You hear a shout!
You hear a horrible gurgling sound! x2; You hear a deafening roar!
You hear a horrible gurgling sound!
You hear a shout! x2
The spriggan berserker hits you with a +2 antimagic flail.
The ettin is engulfed in blazing flames.
The ettin closely misses you.
The ettin hits you with a +0 dire flail!!
You hear a shout!
Unknown command.
Unknown command.
You miss the spriggan berserker.
Your kick misses the spriggan berserker.
The spriggan berserker is severely wounded.
You feel sick.
The spriggan berserker hits you with a +2 antimagic flail!
* * * LOW HITPOINT WARNING * * *
You feel your power leaking away.
The ettin hits you with a +0 dire flail!!
* * * LOW HITPOINT WARNING * * *
The ettin closely misses you.
The spriggan berserker is engulfed in blazing flames.
The spriggan berserker hits you with a +2 antimagic flail!!
You die...

..
#.≈###################
#.≈#...[ #.≈#...
#..##### # #..#$... #
#.)#... # #)†#..# #
#○☼#..# # #○@#..# #
#Ci#..# # #.)'..# #
#○☼'..# # #..#(.# #
#..#..# # #..#..# #
#).#..# # #..#... #


You could see an ettin and a spriggan berserker (berserk, regenerating,
strong-willed).

Vanquished Creatures
  Saint Roka (Snake:3)
  Bai Suzhen (Shoals:4)
  Vashnia (Snake:2)
  A caustic shrike (Depths:2)
  Jorgrun (Snake:3)
  2 liches
  Frances (Shoals:1)
  A sphinx (Shoals:4)
  Agnes (D:14)
  Kirke (D:12)
  Donald (Shoals:1)
  2 tengu reavers
  Roxanne (Shoals:2)
  6 nagarajas
  3 fire giants
  2 frost giants
  6 vault wardens
  Aizul (Snake:1)
  A spriggan defender (Depths:2)
  12 very ugly things
  A war gargoyle (Vaults:1)
  A vampire knight (Depths:2)
  6 stone giants
  10 ironbound preservers
  Nessos (D:15)
  3 minotaurs (Shoals:4)
  Azrael (D:15)
  A merfolk javelineer (Shoals:3)
  4 fire dragons
  4 ettins
  4 yaktaur captains
  4 merfolk impalers
  Josephine (D:14)
  2 great orbs of eyes
  A crystal guardian (Vaults:1)
  A rakshasa (Depths:2)
  An ironbound thunderhulk (Vaults:1)
  14 hydras
  2 ogre magi (Orc:2)
  4 salamander tyrants (Snake:4)
  18 naga warriors
  3 catoblepae (Lair:6)
  2 merfolk avatars
  A peacekeeper (Vaults:1)
  11 vault guards
  5 boulder beetles
  2 alligator snapping turtles
  4 ironbound frosthearts
  A merfolk aquamancer (Shoals:3)
  Erica (D:9)
  15 anacondas
  2 death knights
  9 death yaks
  12 two-headed ogres
  6 tengu warriors
  A deep troll shaman (Depths:2)
  16 naga sharpshooters
  8 centaur warriors
  8 shock serpents
  14 satyrs
  An ironbound beastmaster (Vaults:1)
  2 deep troll earth magi (Depths:2)
  A spriggan berserker (Depths:2)
  A deep elf knight (D:13)
  Sonja (D:12)
  5 salamander mystics
  2 skeletal warriors
  A golden dragon zombie (Depths:1)
  A goliath frog (Lair:6)
  12 sea snakes
  25 deep trolls
  A flayed ghost (Depths:1)
  A glowing orange brain (Depths:1)
  9 naga ritualists
  8 wizards
  16 mana vipers
  2 lindwurms (Vaults:1)
  Pikel (D:9)
  22 harpies
  3 deep elf pyromancers
  A phantasmal warrior (D:12)
  3 orc knights
  8 ironbound convokers
  2 necromancers
  3 orc sorcerers
  2 wolf spiders (Lair:1)
  13 fauns
  4 cyclopes
  44 ugly things
  An oklob plant (Lair:3)
  17 manticores
  37 salamanders
  42 black mambas
  5 elephants (Lair:4)
  7 vault sentinels
  4 guardian serpents
  3 merfolk sirens
  11 naga magi
  A water nymph (Shoals:2)
  28 cane toads
  An unseen horror (D:11)
  17 komodo dragons
  2 freezing wraiths
  3 rime drakes
  A kobold demonologist (D:11)
  15 yaktaurs
  2 tengu conjurers (Depths:2)
  A yaktaur skeleton (Vaults:1)
  18 merfolk
  3 tyrant leeches (Lair:6)
  A jumping spider (Lair:1)
  15 trolls
  3 wind drakes
  3 polar bears
  7 dream sheep (Lair:5)
  9 snapping turtles
  25 slime creatures
  33 blink frogs
  An iron dragon simulacrum (Depths:1)
  3 redbacks (Lair:1)
  A shadow (D:13)
  2 vampires
  6 water elementals
  8 wraiths
  5 hogs
  A ynoxinul (D:10)
  2 wyverns
  8 basilisks
  60 yaks
  6 fire elementals (D:15)
  A human (D:13)
  20 vampire mosquitoes
  A human simulacrum (Vaults:1)
  47 nagas
  4 wargs
  11 water moccasins
  A floating eye (shapeshifter) (Vaults:1)
  2 hell hounds (D:15)
  Duvessa (D:5)
  30 orc warriors
  2 black bears
  A sky beast (D:7)
  20 ogres
  14 centaurs
  4 boggarts (Vaults:1)
  19 wolves
  A lemure (D:9)
  2 kobold brigands
  26 bullfrogs
  A wyvern zombie (D:8)
  A gnoll sergeant (D:10)
  2 scorpions
  Blork the orc (D:5)
  A glowing shapeshifter simulacrum (Depths:1)
  Dowan (D:5)
  6 electric eels
  9 wights
  5 howler monkeys
  2 lava snakes (Snake:1)
  4 centaur zombies
  A hound (D:4)
  2 bullfrog skeletons
  8 orc priests
  2 centaur skeletons
  A jelly (Lair:5)
  3 iguanas
  2 hell rats (Lair:5)
  17 orc wizards
  2 killer bee zombies (D:6)
  A howler monkey zombie (D:7)
  5 adders
  14 gnolls
  4 river rats (Lair:5)
  A shadow imp (D:6)
  2 white imps
  2 ufetubi
  A worm (D:3)
  4 dart slugs
  78 orcs
  9 endoplasms
  5 giant cockroaches
  10 goblins
  10 hobgoblins
  5 jackals
  15 kobolds
  4 quokkas
  10 ball pythons
  7 bats
  4 frilled lizards
  11 rats
1344 creatures vanquished.

Vanquished Creatures (others)
  50 fungi
  161 plants
  2 withered plants (D:7)
213 creatures vanquished.

Grand Total: 1557 creatures vanquished

Notes
Turn   | Place    | Note
-------+----------+-------------------------------------------
     0 | D:1      | bellerephron the Demonspawn Gladiator began the quest for
                  | the Orb.
     0 | D:1      | Reached XP level 1. HP: 16/16 MP: 1/1
    89 | D:1      | Found Naenul's Armour Shoppe.
   117 | D:1      | Reached skill level 3 in Long Blades
   448 | D:1      | Gained mutation: You have sharp toenails. [demonic
                  | ancestry]
   448 | D:1      | Reached XP level 2. HP: 18/22 MP: 2/2
   578 | D:1      | You fall into a shaft and drop 1 floor!
  1028 | D:2      | Reached XP level 3. HP: 24/27 MP: 3/3
  1447 | D:2      | Reached skill level 1 in Armour
  1683 | D:3      | Gained mutation: Your demonic aura sometimes causes spilled
                  | blood to erupt in flames. [demonic ancestry]
  1683 | D:3      | Reached XP level 4. HP: 19/33 MP: 4/4
  1896 | D:3      | Found Towof's Assorted Antiques.
  2518 | D:3      | Reached skill level 4 in Long Blades
  2518 | D:3      | Gained mutation: You have razor-sharp toenails. [demonic
                  | ancestry]
  2518 | D:3      | Reached XP level 5. HP: 37/38 MP: 5/5
  2527 | D:3      | Found a faded altar of an unknown god.
  2710 | D:4      | Found a shadowy altar of Dithmenos.
  2904 | D:4      | Found a staircase to the Ecumenical Temple.
  2922 | Temple   | Entered the Ecumenical Temple
  2974 | D:4      | Found an iron altar of Okawaru.
  2985 | D:4      | Became a worshipper of Warmaster Okawaru
  2998 | D:4      | Found a runed translucent gate.
  2998 | D:4      | Found a runed translucent gate.
  3000 | D:4      | Found a runed translucent gate.
  3005 | D:4      | Noticed FancyManDan's ghost (amateur DsAK)
  3005 | D:4      | Noticed waplegopp's ghost (amateur TeBe)
  3060 | D:4      | Gained mutation: You are partially covered in icy blue
                  | scales. (AC +2) [demonic ancestry]
  3060 | D:4      | Reached XP level 6. HP: 43/46 MP: 6/6
  3522 | D:5      | Entered Level 5 of the Dungeon
  3602 | D:5      | Noticed a wraith
  3631 | D:5      | Killed a wraith
  3632 | D:5      | Reached skill level 5 in Long Blades
  3632 | D:5      | Reached skill level 1 in Invocations
  3748 | D:5      | Reached * piety under Okawaru
  3783 | D:5      | Gained mutation: You regenerate a little health from kills.
                  | [demonic ancestry]
  3783 | D:5      | Reached XP level 7. HP: 52/52 MP: 8/8
  3799 | D:5      | Found a hazy altar of Hepliaklqana.
  3910 | D:5      | Noticed Blork the orc
  3920 | D:5      | Killed Blork the orc
  3931 | D:5      | Noticed Duvessa
  3932 | D:5      | Noticed Dowan
  3947 | D:5      | Killed Duvessa
  3955 | D:5      | Killed Dowan
  4093 | D:5      | Reached ** piety under Okawaru
  4094 | D:5      | Gained mutation: You have claws for feet. [demonic
                  | ancestry]
  4094 | D:5      | Reached XP level 8. HP: 58/58 MP: 10/10
  4383 | D:6      | Reached skill level 6 in Long Blades
  4744 | D:7      | Found Zenel's General Store.
  4869 | D:7      | Found a runed translucent door.
  4869 | D:7      | Noticed styxcanada's ghost (novice MiFi)
  5108 | D:7      | Noticed a two-headed ogre
  5124 | D:7      | Killed a two-headed ogre
  5124 | D:7      | Reached *** piety under Okawaru
  5125 | D:7      | Reached skill level 7 in Long Blades
  5125 | D:7      | Reached skill level 5 in Dodging
  5125 | D:7      | Reached skill level 5 in Invocations
  5125 | D:7      | Reached XP level 9. HP: 49/66 MP: 12/12
  5451 | D:7      | Reached skill level 5 in Armour
  5550 | D:8      | Noticed a two-headed ogre
  5562 | D:7      | Killed a two-headed ogre
  5562 | D:7      | Reached **** piety under Okawaru
  5563 | D:7      | Reached skill level 8 in Long Blades
  5563 | D:7      | Reached skill level 1 in Stealth
  5600 | D:7      | Received a gift from Okawaru
  5673 | D:8      | Found Routhromi's Jewellery Shop.
  5718 | D:8      | Reached skill level 5 in Fighting
  5764 | D:8      | Reached XP level 10. HP: 74/74 MP: 13/15
  5866 | D:8      | Found a staircase to the Lair.
  6026 | D:8      | Reached ***** piety under Okawaru
  6069 | D:8      | Found a burning altar of Makhleb.
  6196 | D:9      | Noticed Pikel
  6207 | D:9      | Killed Pikel
  6208 | D:9      | Reached skill level 9 in Long Blades
  6233 | D:9      | Found an ancient bone altar of Kikubaaqudgha.
  6289 | D:9      | Identified the +4 long sword "Motul" {elec, rElec Will-
                  | Dex+8}
  6471 | D:9      | Noticed Erica
  6496 | D:9      | Killed Erica
  6496 | D:9      | Identified the +5 triple crossbow of Kiedeblo {freeze,
                  | rElec} (Okawaru gifted it to you on level 9 of the Dungeon)
  6496 | D:9      | Received a gift from Okawaru
  6913 | D:9      | Reached skill level 10 in Long Blades
  7064 | D:10     | Entered Level 10 of the Dungeon
  7064 | D:10     | Noticed a wizard
  7072 | D:9      | Killed a wizard
  7073 | D:9      | Gained mutation: You are mostly covered in icy blue scales.
                  | (AC +3) [demonic ancestry]
  7073 | D:9      | Reached XP level 11. HP: 83/83 MP: 16/16
  7114 | D:10     | Received a gift from Okawaru
  7184 | D:10     | Noticed a +0 spear
  7184 | D:10     | Noticed a +0 dagger
  7185 | D:10     | Noticed a +0 dagger
  7186 | D:10     | Noticed a +0 short sword
  7186 | D:10     | Noticed a +0 short sword
  7186 | D:10     | Noticed a +0 falchion
  7187 | D:10     | Noticed a +0 spear
  7187 | D:10     | Noticed a +0 falchion
  7198 | D:10     | Found a bloodstained altar of Trog.
  7228 | D:10     | Found a shimmering blue altar of Sif Muna.
  7544 | D:10     | Found a staircase to the Orcish Mines.
  7620 | D:10     | Found a runed translucent door.
  7620 | D:10     | Noticed an ice dragon
  7622 | D:10     | Noticed a fire dragon
  7622 | D:10     | Noticed an ice dragon
  7623 | D:10     | Noticed a fire dragon
  7623 | D:10     | Found the +2 shield of Resistance {rF++ rC++ Will++}
  7630 | D:10     | Found a runed translucent door.
  7703 | D:10     | Found a hide-covered altar of Uskayaw.
  7964 | Lair:1   | Entered Level 1 of the Lair of Beasts
  8101 | Lair:1   | Reached skill level 11 in Long Blades
  8116 | Lair:1   | Found a runed translucent door.
  8293 | Lair:1   | Reached ****** piety under Okawaru
  8316 | Lair:1   | Received a gift from Okawaru
  8440 | Lair:1   | Noticed a six-headed hydra
  8450 | Lair:1   | Killed a two-headed hydra
  8831 | Lair:1   | Noticed a wolf spider
  8832 | Lair:1   | Noticed a wolf spider
  8837 | Lair:1   | Killed a wolf spider
  8845 | Lair:1   | Killed a wolf spider
  8857 | Lair:1   | Found a runed translucent gate.
  8857 | Lair:1   | Found a runed translucent gate.
  8857 | Lair:1   | Found a runed translucent gate.
  8857 | Lair:1   | Found a runed translucent gate.
  8857 | Lair:1   | Found a runed translucent gate.
  8857 | Lair:1   | Found a runed translucent gate.
  8857 | Lair:1   | Noticed a lindwurm
  8857 | Lair:1   | Noticed a lindwurm
  8857 | Lair:1   | Noticed a boulder beetle
  8863 | Lair:1   | Noticed a boulder beetle
  9063 | D:11     | Gained mutation: You are completely covered in icy blue
                  | scales. (AC +4, rC+) [demonic ancestry]
  9063 | D:11     | Reached XP level 12. HP: 91/91 MP: 17/17
  9084 | D:11     | Reached skill level 12 in Long Blades
  9096 | D:11     | Noticed a two-headed ogre
  9102 | D:11     | Killed a two-headed ogre
  9196 | D:11     | Got the Grimoire of Envenoming
  9319 | D:11     | Noticed a two-headed ogre
  9326 | D:11     | Killed a two-headed ogre
  9479 | D:11     | Received a gift from Okawaru
 10103 | D:12     | Reached skill level 13 in Long Blades
 10109 | D:12     | Noticed Kirke
 10191 | D:12     | Killed Kirke
 10196 | D:12     | Noticed a death knight
 10431 | Lair:2   | Gained mutation: You regenerate health from kills. [demonic
                  | ancestry]
 10431 | Lair:2   | Reached XP level 13. HP: 98/98 MP: 18/18
 10787 | Lair:2   | Received a gift from Okawaru
 11154 | Lair:3   | Reached skill level 1 in Evocations
 11158 | Lair:3   | You fall into a shaft and drop 3 floors!
 11158 | Lair:6   | Entered Level 6 of the Lair of Beasts
 11236 | Lair:5   | Reached skill level 14 in Long Blades
 11352 | Lair:5   | Found a staircase to the Slime Pits.
 11647 | Lair:3   | Received a gift from Okawaru
 11961 | Lair:3   | Received a gift from Okawaru
 12057 | Lair:3   | Gained mutation: You are robust. (+10% HP) [demonic
                  | ancestry]
 12057 | Lair:3   | Reached XP level 14. HP: 101/118 MP: 19/19
 12567 | Lair:4   | Found a staircase to the Snake Pit.
 12609 | Lair:4   | Found a staircase to the Shoals.
 12740 | Lair:4   | Reached skill level 5 in Evocations
 13006 | Lair:4   | Found a runed translucent gate.
 13007 | Lair:4   | Found a runed translucent gate.
 13008 | Lair:4   | Found a runed translucent gate.
 13010 | Lair:4   | Found a viscous altar of Jiyva.
 13010 | Lair:4   | Noticed TheGamechu's ghost (journeyman TrFi)
 13439 | Lair:5   | Reached skill level 15 in Long Blades
 13884 | Lair:5   | Received a gift from Okawaru
 13885 | Lair:5   | Reached skill level 10 in Armour
 13885 | Lair:5   | Reached skill level 10 in Dodging
 14068 | Lair:6   | HP: 5/119 [cane toad (14)]
 14348 | D:8      | Bought the amulet of Balance {RegenMP Regen+} for 481 gold
                  | pieces
 14359 | D:7      | Bought 3 scrolls of blinking for 360 gold pieces
 14359 | D:7      | Bought a potion of invisibility for 128 gold pieces
 14460 | Orc:1    | Entered Level 1 of the Orcish Mines
 14489 | Orc:1    | Found a transporter.
 14506 | Orc:1    | Found a flagged portal.
 14536 | Bailey   | Entered a bailey
 14754 | Bailey   | Identified the ring of Lust {rF++ Will+ Stlth+}
 15207 | Orc:1    | Noticed a cyan very ugly thing
 15207 | Orc:1    | Noticed karkarkar's ghost (journeyman DrCj)
 15222 | Orc:1    | Reached skill level 10 in Fighting
 15249 | Orc:1    | Noticed an orc warlord
 15259 | Orc:1    | Found a transporter.
 15427 | Orc:1    | Found a one-way gate to the infinite horrors of the Abyss.
 15801 | Orc:2    | Entered Level 2 of the Orcish Mines
 15825 | Orc:2    | Gained mutation: You are very robust. (+20% HP) [demonic
                  | ancestry]
 15825 | Orc:2    | Reached XP level 15. HP: 90/138 MP: 20/20
 15838 | Orc:2    | Identified the +0 ring mail of the Nine Friars {rF+}
                  | (Okawaru gifted it to you on level 2 of the Orcish Mines)
 15838 | Orc:2    | Received a gift from Okawaru
 15922 | Orc:2    | Found Waneac's General Store.
 15938 | Orc:2    | Found Byaher's Antique Armour Shop.
 15946 | Orc:2    | Found a staircase to the Elven Halls.
 15946 | Orc:2    | Found Isoopyom's Armour Emporium.
 15967 | Orc:2    | Found Yti Lile's Assorted Antiques.
 15968 | Orc:2    | Found Huskuora's Book Boutique.
 15989 | Orc:2    | Bought a wavering golden ring for 155 gold pieces
 15989 | Orc:2    | Identified the ring "Qorph" {rF+ EV+4 Str+2 Slay+3} (You
                  | bought it in a shop on level 2 of the Orcish Mines)
 15989 | Orc:2    | Bought a potion of heal wounds for 155 gold pieces
 16107 | Orc:2    | Found a runed translucent door.
 16108 | Orc:2    | Found a shimmering altar of Xom.
 16108 | Orc:2    | Noticed mainiacjoe's ghost (journeyman MiFi)
 16732 | Lair:6   | Reached skill level 16 in Long Blades
 17229 | Lair:6   | Identified the +7 halberd "Piskenus" {spect, MP-9 Int+3
                  | Dex+4}
 17610 | D:12     | Noticed Sonja
 17623 | D:12     | Killed Sonja
 18103 | D:13     | Identified 2 scrolls of acquirement
 18104 | D:13     | Acquired the ring of Xom's Entertainment {rPois rC+ Will+
                  | Str+3 Dex+3}
 18111 | D:13     | Acquired a +2 demon blade of electrocution
 18198 | D:13     | Received a gift from Okawaru
 18711 | D:13     | Found a gate to the Vaults.
 19096 | D:14     | Gained mutation: You regenerate a lot of health from kills.
                  | [demonic ancestry]
 19096 | D:14     | Reached XP level 16. HP: 113/148 MP: 21/21
 19129 | D:14     | Noticed Agnes
 19136 | D:14     | Killed Agnes
 19208 | D:14     | Noticed Josephine
 19214 | D:14     | Killed Josephine
 19898 | D:15     | Entered Level 15 of the Dungeon
 19995 | D:15     | Noticed Azrael
 20013 | D:15     | Killed Azrael
 20017 | D:15     | Received a gift from Okawaru
 20048 | D:15     | Reached skill level 17 in Long Blades
 20077 | D:15     | Found a staircase to the Depths.
 20353 | D:15     | Noticed Nessos
 20496 | D:15     | Killed Nessos
 21222 | Shoals:1 | Entered Level 1 of the Shoals
 21347 | Shoals:1 | Noticed Donald
 21361 | Shoals:1 | Killed Donald
 21592 | Shoals:1 | Noticed Frances
 21604 | Shoals:1 | Killed Frances
 22038 | Shoals:2 | Noticed Roxanne
 22068 | Shoals:2 | Killed Roxanne
 22298 | Shoals:2 | Received a gift from Okawaru
 22879 | Shoals:3 | Reached skill level 10 in Evocations
 22940 | Shoals:3 | Found a runed translucent gate.
 22941 | Shoals:3 | Found a runed translucent gate.
 22941 | Shoals:3 | Noticed Golfball's ghost (adept MiFi)
 22942 | Shoals:3 | Found a runed translucent gate.
 22979 | Shoals:3 | Reached XP level 17. HP: 145/159 MP: 22/22
 23381 | Shoals:3 | Received a gift from Okawaru
 23499 | Shoals:4 | Entered Level 4 of the Shoals
 23713 | Shoals:4 | Noticed Bai Suzhen
 23734 | Shoals:4 | Killed Bai Suzhen
 23788 | Shoals:4 | Received a gift from Okawaru
 23927 | Shoals:4 | Received a gift from Okawaru
 23927 | Shoals:4 | Found the +0 pair of fencer's gloves {Riposte Dex+3}
 24077 | Shoals:4 | HP: 1/162 [satyr/arrow (22)]
 24264 | Shoals:4 | Got a barnacled rune of Zot
 24413 | Snake:1  | Entered Level 1 of the Snake Pit
 24637 | Vaults:1 | Entered Level 1 of the Vaults
 24727 | Depths:1 | Entered Level 1 of the Depths
 24907 | Depths:1 | Reached XP level 18. HP: 153/171 MP: 23/23
 24931 | Depths:1 | Found an ornate altar of the Wu Jian Council.
 24964 | Depths:1 | Acquired 791 gold pieces
 25218 | D:3      | Bought a scroll of acquirement for 1508 gold pieces
 25218 | D:3      | Acquired 980 gold pieces
 25220 | D:3      | Bought a potion of curing for 87 gold pieces
 25220 | D:3      | Bought a scroll of identify for 58 gold pieces
 25221 | D:3      | Gained mutation: Your demonic aura often causes spilled
                  | blood to erupt in flames. [demonic ancestry]
 25221 | D:3      | Reached XP level 19. HP: 178/178 MP: 24/24
 25454 | Orc:2    | Bought a slimy tower shield for 361 gold pieces
 25454 | Orc:2    | Identified the +0 tower shield of Falewkos {Int+2} (You
                  | bought it in a shop on level 2 of the Orcish Mines)
 25678 | Snake:1  | Received a gift from Okawaru
 25765 | Snake:1  | Noticed Aizul
 25774 | Snake:1  | Killed Aizul
 26452 | Snake:2  | Received a gift from Okawaru
 26608 | Snake:2  | Noticed Vashnia
 26621 | Snake:2  | Received a gift from Okawaru
 26659 | Snake:2  | Killed Vashnia
 27321 | Snake:3  | Found Atoechin's CLEARANCE SALE! EVERYTHING MUST GO!.
 27563 | Snake:3  | Noticed Jorgrun
 27573 | Snake:3  | Killed Jorgrun
 27655 | Snake:3  | Noticed Saint Roka
 27668 | Snake:3  | Killed Saint Roka
 27668 | Snake:3  | Identified the +2 pair of gloves of Magh {rElec rPois
                  | Int+4} (Okawaru gifted it to you on level 3 of the Snake
                  | Pit)
 27668 | Snake:3  | Received a gift from Okawaru
 27703 | Snake:3  | Reached skill level 15 in Fighting
 27827 | Snake:4  | Entered Level 4 of the Snake Pit
 27836 | Snake:4  | Gained mutation: Your demonic aura causes all spilled blood
                  | to erupt in flames. [demonic ancestry]
 27836 | Snake:4  | Reached XP level 20. HP: 92/194 MP: 25/25
 27994 | Snake:4  | Found a snail-covered altar of Cheibriados.
 28288 | Snake:4  | Got a serpentine rune of Zot
 28520 | Snake:4  | Received a gift from Okawaru
 29194 | Vaults:1 | Received a gift from Okawaru
 29325 | Vaults:1 | Reached skill level 15 in Armour
 29705 | Vaults:1 | Found a portal to a secret trove of treasure.
 29764 | Vaults:1 | Acquired 1214 gold pieces
 29970 | Vaults:1 | Reached XP level 21. HP: 206/206 MP: 26/26
 30317 | Vaults:1 | Received a gift from Okawaru
 30666 | Vaults:2 | Identified the +0 scale mail "Osoulyli" {rPois rCorr Str+4
                  | Dex-4} (Okawaru gifted it to you on level 2 of the Vaults)
 30666 | Vaults:2 | Received a gift from Okawaru
 30938 | Depths:1 | Found a burning altar of Makhleb.
 31034 | Depths:1 | Found a gateway to Hell.
 31081 | Depths:1 | Found a gateway to a ziggurat.
 31221 | Depths:2 | Found a bloodstained altar of Trog.
 31600 | Depths:2 | Noticed a caustic shrike
 31608 | Depths:2 | Killed a caustic shrike
 31609 | Depths:2 | Reached skill level 18 in Long Blades
 31661 | Depths:2 | Identified the ring of Daobythi {rPois rF+ rC- AC+4 Dex+4}
 31674 | Depths:2 | Slain by a spriggan berserker

Illustrated notes

Levels and vault maps discovered:
D:1:      mrwooster_arrival_statue_2, layout_basic, serial_shops,
          nicolae_shop_stone
D:2:      layout_rooms
D:3:      layout_basic, shapermc_ecumenical_altar_hornbeckon, serial_shops,
          nicolae_shop_waterfront, st_stairs_8, solitary_fountain
D:4:      layout_loops_ring, mainiacjoe_overflow_alcove_4,
          grunt_dithmenos_smoke_and_mirrors, minmay_temple_entry_proselytizer,
          gammafunk_ghost_cemetery, serial_bayou_crossing
D:5:      layout_basic, nicolae_hepliaklqana_hippocampus, serial_bayou_pond_b,
          uniq_duvessa, uniq_blork_the_orc
D:6:      layout_cave_pools
D:7:      layout_loops_ring, serial_shops, nicolae_stop_n_shop_2,
          gammafunk_ghost_grave
D:8:      layout_cave_pools, kennysheep_mini_moat, erik_lair_orcish_takeover,
          serial_shops, shop
D:9:      layout_loops_ring, mainiacjoe_overflow_brackets,
          kiku_gazebo_pond_becter, serial_bayou, serial_bayou_pond_e,
          serial_bayou_ford_a, serial_bayou_shore_a, serial_bayou_shore_b,
          uniq_pikel, uniq_erica
D:10:     layout_roguey, nzn_overflow_gifts_of_might_and_magic,
          nicolae_uskayaw_en_pointe, david_orc_4, kennysheep_path_1,
          minmay_guarded_unrand_resistance
D:11:     layout_irregular_city, minmay_misc_feat_x, minmay_misc_feat_ornament
D:12:     layout_basic, hangedman_decor_push, uniq_kirke, uniq_sonja
D:13:     layout_roguey, grunt_vaults_entry_fortified, serial_aquarium,
          aquarium_bridge_long_joined [aquarium_subvault_bridge,
          aquarium_subvault_bridge, aquarium_subvault_wall,
          aquarium_subvault_window, aquarium_subvault_bridge,
          aquarium_subvault_bridge], aquarium_bridge_square
          [aquarium_subvault_wall, aquarium_subvault_bridge,
          aquarium_subvault_bridge, aquarium_subvault_bridge],
          aquarium_window_1, aquarium_window_1, aquarium_window_corridor_3,
          aquarium_window_1, aquarium_view_2c, aquarium_pool_five,
          lemuel_flamethrower_1
D:14:     layout_irregular_city, hangedman_glass_teeth, st_stairs_11,
          uniq_josephine, uniq_agnes
D:15:     hangedman_depths_entry_civil_slaughter, layout_basic,
          hangedman_abyss_or_decor_passed, uniq_nessos, uniq_azrael
Temple:   cyrus_circular_temple
Lair:1:   gammafunk_indiana_jones, layout_regular_city,
          infiniplex_staircase_pool
Lair:2:   layout_chaotic_city, grunt_megastairs_1
Lair:3:   layout_chaotic_city, st_stairs_8, beast_lair_carwin_7,
          grunt_megastairs_5
Lair:4:   layout_long_grid, shoals_dummy_entry, guppyfry_snake_entry_island,
          gammafunk_ghost_ooze
Lair:5:   layout_loops_ring, nicolae_slime_entry_slimehenge,
          kennysheep_abandoned_house
Lair:6:   minmay_lair_end_frog_pond, layout_misc_corridors
Shoals:1: layout_shoals, uniq_donald, uniq_frances
Shoals:2: layout_shoals, uniq_roxanne
Shoals:3: layout_shoals, gammafunk_ghost_split
Shoals:4: shoals_end_hellmonk_lost_city, uniq_bai_suzhen
Snake:1:  layout_rooms, nicolae_snake_salamander_zone, uniq_aizul
Snake:2:  layout_misc_corridors, uniq_vashnia
Snake:3:  layout_onion_interference, nicolae_snake_gridmaze_squiggle, drop_trap,
          nicolae_snake_snake_lake, nicolae_shop_clearance, uniq_saint_roka,
          uniq_jorgrun
Snake:4:  grunt_snake_rune_serpentine_throne, layout_cave_town, basic_altar
Orc:1:    layout_caves, gammafunk_ghost_abyssal_escape, enter_bailey_3
Orc:2:    st_orc_open, layout_caves, ebering_ghost_xom, serial_shops,
          nicolae_shop_trees
Vaults:1: v_misc_12, nicolae_vaults_alarming, nicolae_vaults_big_ls,
          vaults_mumra_chevron_long, v_alt_pattern_4,
          vaults_standard_mumra_lines, v_misc_25, nicolae_vaults_triangles,
          nicolae_vaults_bisected_exclaves, ontoclasm_vaults_ligature,
          ontoclasm_vaults_decontamination, nicolae_vaults_little_squares_4,
          vaults_room_guarded_vault, vaults_room_semicircle,
          layout_vaults_big_cross, enter_trove_6
Vaults:2: v_pattern_1, nicolae_vaults_quartermaster, v_misc_16,
          vaults_room_stairs_pillars, grunt_vaults_funnel, vaults_room_pool,
          layout_vaults_quadrants, serial_shops, shop
Depths:1: layout_cave_shapes, enter_ziggurat_f, hangedman_coc_ice_floe,
          nicolae_wu_jian_wuxing_cycle, abyss_entry, makhleb_altar_promises_db
Depths:2: lemuel_traditional_vault, layout_gridlike, grunt_hell_entry_dis_mu,
          bloody_trog, minmay_shoptagon

Skill      XL: |  1  2  3  4  5  6  7  8  9 10 11 12 13 14 15 16 17 18 19 20 21 |
---------------+----------------------------------------------------------------+-----
Long Blades    | 3 4 5 7 8 10 11 13 14 15 16 17 18 | 18.0
Dodging        | 3 4 5 6 7 8 9 10 11 12 13 14 | 14.7
Armour         | 1 2 3 4 5 6 7 8 9 10 11 12 14 15 | 15.9
Invocations    | 1 3 5 6 7 |  7.5
Fighting       | 3 4 5 6 7 8 9 10 11 13 15 16 17 | 17.1
Stealth        | 1 2 3 |  3.0
Throwing       | 2 3 4 |  4.9
Evocations     | 4 6 8 10 11 12 13 14 | 14.5

Action                   |  1- 3 |  4- 6 |  7- 9 | 10-12 | 13-15 | 16-18 | 19-21 || total
-------------------------+-------+-------+-------+-------+-------+-------+-------++-------
Melee: Long sword        |    94 |   149 |   149 |    10 |    30 |       |       ||   432
       Kick              |    18 |    26 |    51 |   183 |   348 |   334 |   473 ||  1433
       Scimitar          |       |       |    24 |   206 |    49 |     5 |       ||   284
       Great sword       |       |       |       |   179 |   104 |       |       ||   283
       Triple sword      |       |       |       |       |   600 |   597 |   831 ||  2028
Throw: Dart              |       |       |     2 |       |    16 |    13 |       ||    31
       Boomerang         |       |       |     1 |     4 |       |     5 |       ||    10
       Javelin           |       |       |       |       |     8 |       |     3 ||    11
       Throwing net      |       |       |       |       |       |     1 |       ||     1
Invok: Heroism           |       |       |     1 |     1 |     1 |     7 |     2 ||    12
       Finesse           |       |       |       |     1 |     1 |     1 |       ||     3
Evoke: Wand              |       |       |     2 |       |     6 |    16 |    10 ||    34
       Lightning rod     |       |       |       |       |     2 |     4 |     2 ||     8
       Condenser vane    |       |       |       |       |     3 |     3 |     5 ||    11
       Tin of tremorston |       |       |       |       |       |     3 |    14 ||    17
  Use: Scroll            |       |       |       |     8 |    18 |    15 |     9 ||    50
       Potion            |       |       |       |     1 |     3 |     9 |     1 ||    14
 Stab: Petrified         |       |       |       |       |     5 |       |       ||     5
       Distracted        |       |       |       |       |     1 |       |       ||     1
       Paralysed         |       |       |       |       |       |       |     1 ||     1
Armor: Leather armour    |    29 |       |       |       |       |       |       ||    29
       Chain mail        |    32 |    90 |   127 |   243 |   622 |    83 |       ||  1197
       Plate armour      |       |       |       |       |       |   450 |   635 ||  1085
Dodge: Dodged            |    57 |    61 |    78 |   280 |   639 |   529 |   699 ||  2343
       Rpst.: Long sword |    14 |    19 |    19 |       |     4 |       |       ||    56
       Scimitar          |       |       |     3 |    29 |     7 |       |       ||    39
       Great sword       |       |       |       |    31 |    30 |       |       ||    61
       Triple sword      |       |       |       |       |   134 |   103 |   182 ||   419
